 Dungeon Crawl Stone Soup version 0.27-a0-824-gca8104f8d5 (webtiles) character file.

Game seed: 6220510326608094082

14 LabCoat the Skirmisher (level 2, -3/27 HPs)
             Began as a Hill Orc Fighter on Mar 30, 2021.
             Slain by a kobold
             ... wielding a +1 whip of flaming
              (6 damage)
             ... on level 1 of the Dungeon.
             The game lasted 00:01:00 (136 turns).

LabCoat the Skirmisher (Hill Orc Fighter)            Turns: 136, Time: 00:01:00

Health: -3/27      AC:  6    Str: 18    XL:     2   Next: 41%
Magic:  2/2        EV:  7    Int:  8    God:
Gold:   0          SH:  9    Dex: 10    Spells: 1/1 levels left

rFire    . . .     SeeInvis .   a - +0 war axe
rCold    . . .     Faith    .   c - +0 kite shield
rNeg     . . .     Spirit   .   b - +0 scale mail
rPois    .         Reflect  .   (no helmet)
rElec    .         Harm     .   (no cloak)
rCorr    .         Rampage  .   (no gloves)
Will     .....                  (no boots)
Stlth    ..........             (no amulet)
HPRegen  0.09/turn              (no ring)
MPRegen  0.08/turn              (no ring)

@: no status effects
A: no striking features
a: no special abilities


You were on level 1 of the Dungeon.
You visited 1 branch of the dungeon, and saw 1 of its levels.

Inventory:

Hand Weapons
 a - a +0 war axe (weapon)
Armour
 b - a +0 scale mail (worn)
 c - a +0 kite shield (worn)
Potions
 d - a potion of might


   Skills:
 + Level 3.8 Fighting
 * Level 3.3 Axes
 + Level 3.5 Armour
 + Level 3.4 Shields


You had one spell level left.
You didn't know any spells.
Your spell library contained the following spells:

 Spells                   Type           Power      Damage    Failure   Level
 Ice Form                 Ice/Tmut       0%         N/A       100%        4
 Metabolic Englaciation   Hex/Ice        0%         N/A       100%        5
 Freezing Cloud           Conj/Ice/Air   0%         6-21      100%        6
 Simulacrum               Ice/Necr       0%         N/A       100%        6
 Ozocubu's Refrigeration  Ice            0%         4d5       100%        7


Dungeon Overview and Level Annotations

Branches:
Dungeon (1/15)

Altars:


Message History

You kill the jackal!
The quokka completely misses you.
You miss the quokka. The quokka bites you. x2
You slash the quokka!
You kill the quokka!
The jackal bites you.
You miss the jackal. The jackal barely misses you. x2
You closely miss the jackal. The jackal closely misses you.
The jackal bites you but does no damage. x2
You barely miss the jackal. You block the jackal's attack.
The jackal closely misses you.
You slash the jackal!
You kill the jackal!
The ball python bites you. You block the ball python's attack.
You slash the ball python!
You kill the ball python!
A kobold comes into view. It is wielding a +1 whip of flaming.
The kobold shouts!
The kobold moves out of view.
Items here: ††††.
You start resting.
A kobold is nearby!
You are too injured to fight recklessly!
You are too injured to fight recklessly!
You hit the kobold.
The kobold is moderately wounded.
The kobold hits you with a +1 whip of flaming.
The kobold burns you.
The kobold hits you with a +1 whip of flaming.
The kobold burns you.
You hit the kobold but do no damage. You block the kobold's attack.
You closely miss the kobold. You block the kobold's attack. x2
You barely miss the kobold.
The kobold hits you with a +1 whip of flaming.
* * * LOW HITPOINT WARNING * * *
The kobold burns you.
* * * LOW HITPOINT WARNING * * *
You closely miss the kobold.
The kobold hits you with a +1 whip of flaming.
You die...

!.# ..# .# ... .. #.# .#
#.# .# . #.# ##.####..
##### #.# #........
##...## #†###........
#.....######.@K.........
#.................#####.
#.....######.......#
##.)†## #####......
######'####### #..####
≈≈≈≈≈≈.≈≈≈≈≈≈≈ #..#
♣.♣.♣≈.≈.♣♣♣♣♣ #..#
.♣♣PP≈.≈..♣. #..#
≈≈≈≈≈≈.≈≈≈≈≈≈


You could see a kobold.

Vanquished Creatures
  A goblin (D:1)
  A hobgoblin (D:1)
  5 jackals (D:1)
  A quokka (D:1)
  A ball python (D:1)
  A bat (D:1)
  A frilled lizard (D:1)
  A rat (D:1)
12 creatures vanquished.

Notes
Turn   | Place    | Note
-------+----------+-------------------------------------------
     0 | D:1      | LabCoat the Hill Orc Fighter began the quest for the Orb.
     0 | D:1      | Reached XP level 1. HP: 19/19 MP: 1/1
   109 | D:1      | Reached XP level 2. HP: 27/27 MP: 2/2
   136 | D:1      | Slain by a kobold

Illustrated notes

Levels and vault maps discovered:
D:1:      lightli_arrival_farm, layout_loops_ring, serial_shops,
          nicolae_shop_behind_doors, minmay_misc_feat_pillars

Skill      XL: |  1 |
---------------+----+-----
Axes           | 3 |  3.3
Fighting       | |  3.8
Armour         | |  3.5
Shields        | |  3.4

Action                   || total
-------------------------++-------
Melee: War axe           ||    32
Armor: Scale mail        ||    13
Dodge: Dodged            ||    11
Block: Kite shield       ||    20

Table legend: (Time is in decaauts)
 A = Elapsed time spent in this place.
 B = Non-inter-level travel time spent in this place.
 C = Inter-level travel time spent in this place.
 D = Time resting spent in this place.
 E = Time spent auto-exploring this place.
 F = Levels seen in this place.
 G = Mean time per level.
                   A        B        C        D        E       F      G
               +--------+--------+--------+--------+--------+-----+--------+
         Total |    169 |    169 |      0 |     34 |     71 |   1 |  169.0 |
       Dungeon |    169 |    169 |      0 |     34 |     71 |   1 |  169.0 |
               +--------+--------+--------+--------+--------+-----+--------+

Top non-repeatable levels by time:
     D:1: 169 daAuts
